 Dungeon Crawl Stone Soup version 0.27.1-33-g824d729ab1 (webtiles) character file.

Game seed: 1147024696744737602

224 ReploidZero the Magician (level 6, -6/60 HPs)
             Began as a Djinni Fire Elementalist on Dec 10, 2021.
             Mangled by Grinder (9 damage)
             ... on level 3 of the Dungeon.
             The game lasted 00:19:43 (4793 turns).

ReploidZero the Magician (Djinni Fire Elementalist) Turns: 4793, Time: 00:19:44

Health: -6/60      AC:  2    Str:  7    XL:     6   Next: 20%
Gold:   94         EV: 12    Int: 19    God:
                   SH:  0    Dex: 13

rFire    + + .     SeeInvis .   f - +1 dagger (speed)
rCold    x . .     Faith    .   (no shield)
rNeg     . . .     Spirit   .   a - +0 robe
rPois    ∞         Reflect  .   (no helmet)
rElec    .         Harm     .   (no cloak)
rCorr    .         Rampage  .   (no gloves)
Will     .....                  (boots unavailable)
Stlth    ..........             (no amulet)
HPRegen  0.20/turn              (no ring)
MPRegen  0.00/turn              (no ring)

@: berserking, flying, very quick
A: sickness immunity, fire resistance 2, cold vulnerability 1, float, innate
caster, hp casting, extra vitality 1
a: no special abilities


You were on level 3 of the Dungeon.
You visited 1 branch of the dungeon, and saw 3 of its levels.

You collected 94 gold pieces.

Inventory:

Hand Weapons
 f - a +1 dagger of speed (weapon)
Armour
 a - a +0 robe (worn)
Potions
 g - a potion of ambrosia {unknown}


   Skills:
 - Level 2.1 Dodging
 - Level 1.5 Stealth
 * Level 5.0 Spellcasting


You couldn't memorise any spells.
You knew the following spells:

 Your Spells              Type           Power      Damage    Failure   Level
a - Foxfire               Conj/Fire      92%        2x1d8     1%          1
b - Conjure Flame         Conj/Fire      23%        6-21      4%          3
c - Inner Flame           Hex/Fire       23%        N/A       4%          3
d - Sticky Flame          Conj/Fire      23%        2d4       16%         4
e - Fireball              Conj/Fire      11%        3d7       41%         5
f - Pain                  Necr           92%        1d8       1%          1
g - Poisonous Vapours     Pois/Air       46%        N/A       2%          2
Your spell library was empty.

Dungeon Overview and Level Annotations

Branches:
Dungeon (3/15)

Altars:
Ashenzari
Ru
Sif Muna
Zin

Annotations:
D:3 Grinder, Robin


Innate Abilities, Weirdness & Mutations

You are immune to sickness and miasma.
You are immune to poison.
Your flesh is very heat resistant. (rF++)
You are vulnerable to cold. (rC-)
You float through the air rather than walking.
You learn spells naturally, not from books.
Your magical power is your life essence.
You have superior vitality. (+4 HP)


Message History

Okay, then.
Hit: f) +1 dagger (speed)
Press: ? - help, Dir - move target, f - Grinder
Aim: Grinder (moderately wounded, about 40% to evade your +1 dagger of speed)
You barely miss Grinder.
Grinder is moderately wounded.
Casting: Foxfire (safe; 1% risk of failure)
Press: ? - help, Q - select action, (/) - cycle Dir - look around, f - activate
Okay, then.
Sorry, you're not good enough to have a special ability.
Sorry, you're not good enough to have a special ability.
Casting: Foxfire (safe; 1% risk of failure)
Press: ? - help, Q - select action, (/) - cycle Dir - look around, f - activate You conjure some foxfire!
Grinder hits you.
* * * LOW HITPOINT WARNING * * *
You writhe in agony.
* * * LOW HITPOINT WARNING * * *
Your foxfire dissipates!
The foxfire hits Grinder.
Grinder is heavily wounded.
Unknown command.
It was a potion of berserk rage.
A red film seems to cover your vision as you go berserk!
You feel yourself moving faster!
You feel mighty! Grinder hits you.
* * * LOW HITPOINT WARNING * * *
You writhe in agony.
* * * LOW HITPOINT WARNING * * *
Unknown command.
You are too berserk!
You are too berserk!
You puncture Grinder!
Grinder is severely wounded.
Grinder blinks!
You hit Grinder.
Grinder is severely wounded.
You closely miss Grinder.
Grinder is severely wounded.
Grinder hits you!
You die...

#.##.##.#.###......
#...(##.#.###......
#..####............
#..................
##.######.##.#.....
#...# #.##.###...
###...### #.##.#
####
#...§...###.##.#
####
#...@........#.#
#...
#...5...###..#.#
#.## ###...###
#..#.# #.# #...#
#..#.###.## #####
..........
.##.##..## .....#
#######


You could see Grinder.

Vanquished Creatures
  An orc priest (D:3)
  Natasha (D:2)
  Terence (D:2)
  A hound skeleton (D:3)
  A gnoll (D:1)
  4 adders
  3 worms (D:3)
  4 dart slugs
  3 orcs (D:3)
  2 endoplasms
  2 giant cockroaches (D:1)
  13 goblins
  8 hobgoblins
  3 jackals (D:1)
  8 ball pythons
  3 bats
  5 frilled lizards
  4 kobolds
  3 rats
70 creatures vanquished.

Vanquished Creatures (collateral kills)
  A foxfire (D:2)
1 creature vanquished.

Vanquished Creatures (others)
  86 foxfires
  A fungus (D:1)
  A plant (D:1)
  5 withered plants (D:2)
93 creatures vanquished.

Grand Total: 164 creatures vanquished

Notes
Turn   | Place    | Note
-------+----------+-------------------------------------------
     0 | D:1      | ReploidZero the Djinni Fire Elementalist began the quest
                  | for the Orb.
     0 | D:1      | Reached XP level 1. HP: 15/15 MP: 0/0
   196 | D:1      | Reached skill level 3 in Spellcasting
   196 | D:1      | Reached XP level 2. HP: 15/21 MP: 0/0
   359 | D:1      | Reached XP level 3. HP: 22/25 MP: 0/0
   359 | D:1      | Learned a level 1 spell: Pain
   359 | D:1      | Found a faded altar of an unknown god.
  1717 | D:2      | Reached XP level 4. HP: 9/31 MP: 0/0
  2030 | D:2      | Noticed Terence
  2037 | D:2      | Killed Terence
  2359 | D:2      | Reached skill level 4 in Spellcasting
  2466 | D:2      | Noticed Natasha
  2474 | D:2      | Killed Natasha
  2475 | D:2      | Reached XP level 5. HP: 2/35 MP: 0/0
  2475 | D:2      | Learned a level 2 spell: Poisonous Vapours
  3214 | D:3      | Noticed Robin
  3509 | D:3      | Found a sacrificial altar of Ru.
  3509 | D:3      | Found a glowing silver altar of Zin.
  3509 | D:3      | Found a broken altar of Ashenzari.
  3950 | D:3      | HP: 1/35 [adder (4)]
  4417 | D:3      | Reached XP level 6. HP: 21/40 MP: 0/0
  4633 | D:3      | Reached skill level 5 in Spellcasting
  4778 | D:3      | Noticed Grinder
  4790 | D:3      | HP: 3/60 [Grinder (5)]
  4793 | D:3      | Mangled by Grinder

Illustrated notes

Levels and vault maps discovered:
D:1:      dpeg_arrival_radiant, layout_basic,
          shapermc_ecumenical_altar_rom_forum, minmay_misc_feat_chi
D:2:      layout_loops_corners, serial_undead, serial_undead_b, serial_undead_b,
          serial_undead_e, serial_undead_b, corexii_leaking_fountain,
          uniq_terence, uniq_natasha
D:3:      layout_loops_ring, chequers_temple_overflow_statue_of_worship,
          uniq_robin, uniq_grinder

Skill      XL: |  1  2  3  4  5  6 |
---------------+-------------------+-----
Spellcasting   | 3 4 5 |  5.0
Dodging        | |  2.1
Stealth        | |  1.5

Action                   |  1- 3 |  4- 6 || total
-------------------------+-------+-------++-------
Melee: Dagger            |       |    49 ||    49
       Spear             |       |    28 ||    28
 Cast: Foxfire           |    33 |    35 ||    68
       Pain              |    21 |    30 ||    51
       Poisonous Vapours |       |     6 ||     6
  Use: Scroll            |     2 |     2 ||     4
       Potion            |       |     5 ||     5
Armor: Robe              |     7 |    12 ||    19
Dodge: Dodged            |    21 |    59 ||    80
